 Dungeon Crawl Stone Soup version 0.31-a0-431-g88bdf31460 (webtiles) character file.

Game seed: 10462600722338521554

497 CraigForest the Ruffian (level 7, -3/48 HPs)
             Began as a Merfolk Shapeshifter on Aug 1, 2023.
             Slain by a gnoll
             ... wielding a +0 whip
             ... led by a gnoll bouda
              (5 damage)
             ... on level 4 of the Dungeon.
             The game lasted 00:12:24 (3246 turns).

CraigForest the Ruffian (Merfolk Shapeshifter)      Turns: 3246, Time: 00:12:24

Health: -3/48      AC:  2    Str: 16    XL:     7   Next: 16%
Magic:  6/6        EV: 19    Int:  7    God:
Gold:   171        SH:  0    Dex: 18    Spells: 6/6 levels left

rFire   . .          .
                       - Unarmed
rCold   . . .        (no shield)
rNeg    . . .        u - +0 robe
rPois   .            (helmet currently unavailable)
rElec   .            (cloak currently unavailable)
rCorr   .            (gloves currently unavailable)
SInv    .            (boots currently unavailable)
Will    .....        (no amulet)
Stlth   ++           j - +5 ring of evasion
HPRegen 0.28/turn    (no ring)
MPRegen 0.10/turn

%: no passive effects
@: beast-form
A: beast (slay +3), (nimble swimmer 2), mertail, agile 1, low MP 1, screaming 1
a: Begin Untransformation


You were on level 4 of the Dungeon.
You were a hulking beast.
You visited 1 branch of the dungeon, and saw 4 of its levels.

You collected 171 gold pieces.

Inventory:

Missiles
 i - 3 javelins (quivered)
 q - 3 poisoned darts
Armour
 a - a +0 animal skin
 d - a +0 leather armour
 e - a +0 plate armour
 u - a +0 robe (worn)
Jewellery
 j - a +5 ring of evasion (left hand)
 s - a ring of ice
Talismans
 c - a beast talisman (active)
Wands
 n - a wand of mindburst (10)
Scrolls
 f - 3 scrolls of identify
 h - a scroll of enchant weapon {unknown}
 k - 2 scrolls of blinking {unknown}
 l - 2 scrolls of enchant armour {unknown}
 m - a scroll of amnesia {unknown}
 p - a scroll of poison {unknown}
 r - a scroll of teleportation {unknown}
Potions
 b - 3 potions of lignification
 g - 2 potions of curing
 o - 2 potions of heal wounds {unknown}
 t - a potion of haste {unknown}
 v - a potion of degeneration {unknown}


   Skills:
 - Level 1.1 Fighting
 * Level 4.6 Dodging
 * Level 7.1 Unarmed Combat
 + Level 5.4 Shapeshifting


You had 6 spell levels left.
You didn't know any spells.
Your spell library contained the following spells:

 Spells                   Type           Power      Damage    Failure   Level
 Sublimation of Blood     Necr           0%         N/A       56%         2
 Wereblood                Tmut           0%         N/A       56%         2
 Summon Hydra             Summ           0%         N/A       100%        7


Dungeon Overview and Level Annotations

Branches:
Dungeon (4/15)
 Temple: D:4-7

Altars:
Sif Muna
The Shining One

Shops:
D:3 =


Innate Abilities, Weirdness & Mutations

You are a hulking beast.
Your limbs bulge with bestial killing power. (Slay +3)
((You are very nimble when in or above water. (Stealth+, EV+, Speed+++)))
Your lower body shifts to a powerful aquatic tail in water.
You are agile. (Dex +4, Str/Int -1)
Your magical capacity is low. (-10% MP)
You occasionally shout uncontrollably at your foes.


Message History

Non-targeted confused throw: 3 javelins
Press: ? - help, Q - select action, (/) - cycle Dir - look around, f - activate
Okay, then.
Non-targeted confused throw: 3 javelins
Press: ? - help, Q - select action, (/) - cycle Dir - look around, f - activate Look: a gnoll, wielding a +0 club (lightly wounded, covering ground quickly)
Okay, then.
The gnoll bouda barks out a call to the hunt!
The gnoll picks up the pace!
The orc wizard gestures at you while chanting.
The magic dart hits you! The gnoll closely misses you.
The gnoll bouda hits you with a +0 club!
The gnoll is no longer moving quickly.
The orc wizard hits you with a +0 dagger.
* * * LOW HITPOINT WARNING * * *
You feel better.
The gnoll is no longer moving quickly. x2
The gnoll completely misses you. The orc wizard misses you.
The gnoll bouda closely misses you.
The orc wizard points at you and mumbles some strange words.
The puff of flame hits you! The gnoll completely misses you.
The gnoll bouda misses you.
The orc wizard casts a spell.
The orc wizard flickers and vanishes!
Deactivating autopickup; reactivate with Ctrl-A.
The gnoll bouda attacks as you move away!
The gnoll bouda hits you with a +0 club.
* * * LOW HITPOINT WARNING * * *
The gnoll hits you with a +0 whip.
* * * LOW HITPOINT WARNING * * *
The gnoll completely misses you.
The gnoll bouda barks out a call to the hunt!
The gnolls pick up the pace!
There is an open door, spattered with blood here.
The gnoll attacks as you move away! The gnoll hits you with a +0 whip.
* * * LOW HITPOINT WARNING * * *
The gnoll hits you with a +0 whip.
* * * LOW HITPOINT WARNING * * *
The gnoll attacks as you move away! The gnoll hits you with a +0 whip.
You die...

.........#......# #
.........#......# #
.........#......# #
.........#......# ..
#
.........'......#...
#
.........########..
# .................#
#########........#
#.....#h.......#
#.....#g.......#
#.....g........#
#....g#........#
#...g.#........#
#..)gg#........#
###.).#........#
#'############ )..


You could see a gnoll bouda and 4 gnolls.

Vanquished Creatures
  A phantom (D:4)
  Blork the orc (D:4)
  A scorpion (D:4)
  2 hounds (D:4)
  2 orc priests (D:3)
  An orc wizard (D:4)
  Robin (D:4)
  2 adders (D:2)
  3 worms
  4 dart slugs
  11 orcs
  11 endoplasms
  A giant cockroach (D:1)
  19 goblins
  8 hobgoblins
  3 jackals (D:1)
  5 quokkas
  4 ball pythons
  2 bats
  4 frilled lizards
  5 kobolds
  6 rats
97 creatures vanquished.

Notes
Turn   | Place    | Note
-------+----------+-------------------------------------------
     0 | D:1      | CraigForest the Merfolk Shapeshifter began the quest for
                  | the Orb.
     0 | D:1      | Reached XP level 1. HP: 15/15 MP: 1/1
   140 | D:1      | Reached XP level 2. HP: 20/21 MP: 2/2
   714 | D:1      | Reached XP level 3. HP: 26/26 MP: 3/3
   821 | D:2      | Reached skill level 4 in Unarmed Combat
  1229 | D:2      | Gained mutation: You occasionally lose the ability to drink
                  | potions when taking damage. [potion of mutation]
  1229 | D:2      | Gained mutation: You have a pair of small horns on your
                  | head. [potion of mutation]
  1229 | D:2      | Gained mutation: You occasionally shout uncontrollably at
                  | your foes. [potion of mutation]
  1229 | D:2      | Gained mutation: You are resistant to electric shocks.
                  | (rElec) [potion of mutation]
  1230 | D:2      | Lost mutation: You occasionally lose the ability to drink
                  | potions when taking damage. [potion of mutation]
  1230 | D:2      | Lost mutation: You have a pair of small horns on your head.
                  | [potion of mutation]
  1230 | D:2      | Gained mutation: Your mind is acute. (Int +4, Str/Dex -1)
                  | [potion of mutation]
  1264 | D:2      | Reached XP level 4. HP: 24/32 MP: 4/4
  1416 | D:2      | Lost mutation: Your mind is acute. (Int +4, Str/Dex -1)
                  | [potion of mutation]
  1416 | D:2      | Lost mutation: You are resistant to electric shocks.
                  | (rElec) [potion of mutation]
  1416 | D:2      | Gained mutation: Your magical capacity is low. (-10% MP)
                  | [potion of mutation]
  1416 | D:2      | Gained mutation: You are agile. (Dex +4, Str/Int -1)
                  | [potion of mutation]
  1971 | D:3      | Found Aziorph's One-of-a-Kind Rings.
  2130 | D:3      | Reached skill level 5 in Unarmed Combat
  2130 | D:3      | Reached XP level 5. HP: 31/37 MP: 4/4
  2506 | D:3      | Found a glowing golden altar of the Shining One.
  2531 | D:3      | Reached skill level 5 in Shapeshifting
  2649 | D:4      | Noticed a phantom
  2662 | D:4      | Killed a phantom
  2663 | D:4      | Reached skill level 6 in Unarmed Combat
  2663 | D:4      | Reached XP level 6. HP: 43/43 MP: 5/5
  2713 | D:4      | Found a shimmering blue altar of Sif Muna.
  2715 | D:4      | Noticed Robin
  2743 | D:4      | Killed Robin
  2800 | D:4      | Noticed Blork the orc
  2811 | D:4      | Killed Blork the orc
  3031 | D:4      | Reached XP level 7. HP: 48/48 MP: 6/6
  3056 | D:4      | Reached skill level 7 in Unarmed Combat
  3245 | D:4      | HP: 2/48 [gnoll/+0 whip[a gnoll bouda] (6)]
  3246 | D:4      | Slain by a gnoll

Illustrated notes

Levels and vault maps discovered:
D:1:      dpeg_arrival_water_fire, layout_basic, st_stairs_11,
          minmay_misc_feat_encased
D:2:      layout_loops_corners
D:3:      layout_basic, lemuel_round_altar, nicolae_shop_unique_rings,
          st_stairs_10
D:4:      layout_gridville, mainiacjoe_overflow_tiny_flanked, uniq_robin,
          uniq_blork_the_orc

Skill      XL: |  1  2  3  4  5  6  7 |
---------------+----------------------+-----
Dodging        | 3 4 |  4.6
Unarmed Combat | 4 5 6 7 |  7.1
Shapeshifting  | 5 |  5.4
Fighting       | |  1.1

Action                     |  1- 3 |  4- 6 |  7- 9 || total
---------------------------+-------+-------+-------++-------
  Melee: Unarmed           |    69 |   140 |    23 ||   232
         Punch             |       |     5 |     1 ||     6
  Throw: Dart              |       |    10 |       ||    10
         Javelin           |       |     3 |     3 ||     6
    Use: Potion            |     2 |     1 |     1 ||     4
         Scroll            |     1 |     1 |       ||     2
   Stab: Sleeping          |     2 |     1 |       ||     3
 Armour: Leather armour    |     2 |       |       ||     2
         Animal skin       |     3 |     7 |       ||    10
         Robe              |       |       |     1 ||     1
  Dodge: Dodged            |    38 |    89 |    34 ||   161

Table legend: (Time is in decaauts)
 A = Elapsed time spent in this place.
 B = Non-inter-level travel time spent in this place.
 C = Inter-level travel time spent in this place.
 D = Time resting spent in this place.
 E = Time spent auto-exploring this place.
 F = Levels seen in this place.
 G = Mean time per level.
                   A        B        C        D        E       F      G
               +--------+--------+--------+--------+--------+-----+--------+
         Total |   3215 |   3018 |    197 |     47 |   2331 |   4 |  803.8 |
       Dungeon |   3215 |   3018 |    197 |     47 |   2331 |   4 |  803.8 |
               +--------+--------+--------+--------+--------+-----+--------+

Top non-repeatable levels by time:
     D:2: 1015 daAuts
     D:3: 819 daAuts
     D:1: 776 daAuts
     D:4: 603 daAuts
